 Dungeon Crawl Stone Soup version 0.30-a0-1124-g6e8f0f562f (webtiles) character file.

Game seed: 15880097431611768391

6080 voltaire321 the Thaumaturge (level 10, -15/58 HPs)
             Began as a Deep Elf Conjurer on Apr 23, 2023.
             Was an Initiate of Gozag.
             Demolished by a death knight
             ... wielding a +0 broad axe
              (24 damage)
             ... on level 1 of the Abyss.
             The game lasted 00:30:32 (10112 turns).

voltaire321 the Thaumaturge (Deep Elf Conjurer)    Turns: 10112, Time: 00:30:32

Health: -15/58     AC: 13    Str:  2    XL:     10   Next: 58%
Magic:  1/20       EV: 28    Int: 22    God:    Gozag
Gold:   920        SH:  0    Dex: 13    Spells: 13/26 levels left

rFire   . . .        r - staff of conjuration
rCold   . . .        (no shield)
rNeg    . . .        Q - +0 leather armour of Qazlal's Approval {Contam +Inv rElec rC++}
rPois   +            O - +0 helmet
rElec   +            C - +2 cloak {rPois}
rCorr   .            i - +0 pair of gloves
SInv    .            q - +0 pair of boots
Will    ++...        g - amulet of the acrobat
Stlth   ++           v - +4 ring of protection
HPRegen 0.00/turn    N - ring of willpower
MPRegen 0.17/turn

%: random rage (9%), acrobat
@: acrobatic, sick, unable to read
A: [berserk 2], [deformed body], [dopey 2], [low MP 2], ([teleportitis 2]),
[weak 2], [cold vulnerability 2], [inability to read after injury 2]
a: Renounce Religion, Evoke Invisibility, Potion Petition, Call Merchant, Bribe
Branch


You were on level 1 of the Abyss.
You worshipped Gozag.
Gozag was pleased with you.
You visited 1 branch of the dungeon, and saw 9 of its levels.
You visited the Abyss 1 time.
You also visited: Sewer.

You collected 1047 gold pieces.
You paid 127 gold pieces to Gozag.

Inventory:

Hand Weapons
 o - a +2 dagger of venom
 t - a +2 scimitar of freezing
 w - a +1 rapier of venom
 H - the +5 trident of Diet Blood {spect, rElec rF+++ rCorr Dex-3}
   (You found it on level 6 of the Dungeon)

   Dex:       It affects your dexterity (-3).
   rF:        It renders you almost immune to fire.
   rElec:     It insulates you from electricity.
   rCorr:     It protects you from acid and corrosion.
Missiles
 n - a throwing net
Armour
 i - a +0 pair of gloves (worn)
 q - a +0 pair of boots (worn)
 C - a +2 cloak of poison resistance (worn)
 O - a +0 helmet (worn)
 Q - the +0 leather armour of Qazlal's Approval (worn) {Contam +Inv rElec rC++}
   (You took it off a deep elf pyromancer on level 8 of the Dungeon)

   rC:        It greatly protects you from cold.
   rElec:     It insulates you from electricity.
   +Inv:      It lets you turn invisible.
   Contam:    It causes magical contamination when unequipped.
Magical Staves
 r - a staff of conjuration (weapon)
Jewellery
 g - an amulet of the acrobat (around neck)
 v - a +4 ring of protection (left hand)
 N - a ring of willpower (right hand)
Wands
 x - a wand of light (12)
 I - a wand of digging (4)
 M - a wand of paralysis (31)
Scrolls
 c - a scroll of fear
 d - 2 scrolls of poison {unknown}
 f - 3 scrolls of torment
 h - a scroll of enchant armour {unknown}
 j - 3 scrolls of immolation
 k - 7 scrolls of teleportation
 l - 8 scrolls of identify {unknown}
 m - 4 scrolls of blinking
 u - 2 scrolls of silence {unknown}
 y - a scroll of acquirement {unknown}
 D - 2 scrolls of vulnerability {unknown}
 E - a scroll of magic mapping {unknown}
 G - a scroll of noise {unknown}
 P - a scroll of butterflies {unknown}
Potions
 a - 2 potions of might {unknown}
 b - 2 potions of magic
 e - a potion of lignification {unknown}
 p - 4 potions of curing {unknown}
 s - 2 potions of cancellation {unknown}
 z - 2 potions of ambrosia {unknown}
 A - 3 potions of heal wounds {unknown}
 B - a potion of berserk rage {unknown}
 F - 3 potions of brilliance {unknown}
 J - a potion of attraction {unknown}
 K - a potion of invisibility {unknown}


   Skills:
 + Level 4.9 Fighting
 + Level 4.9 Armour
 + Level 7.6 Dodging
 - Level 2.4 Stealth
 + Level 8.5 Spellcasting
 + Level 8.0 Conjurations
 - Level 6.0 Hexes
 + Level 5.8 Summonings
 + Level 4.8 Translocations
 + Level 0.1 Evocations


You had 13 spell levels left.
You knew the following spells:

 Your Spells              Type           Power      Damage    Failure   Level
a - Magic Dart            Conj           100%       1d8       1%          1
b - Searing Ray           Conj           100%       2d8       1%          2
c - Dazzling Flash        Conj/Hex       100%       N/A       2%          3
d - Call Canine Familiar  Summ           34%        N/A       4%          3
e - Iskenderun's Mystic   Conj/Tloc      54%        2d12      10%         4

Your spell library contained the following spells:

 Spells                   Type           Power      Damage    Failure   Level
 Portal Projectile        Hex/Tloc       66%        N/A       4%          3
 Fulminant Prism          Conj/Hex       28%        3d14      9%          4
 Sting                    Tmut/Pois      36%        1d4       14%         1
 Poisonous Vapours        Pois/Air       18%        N/A       22%         2
 Leda's Liquefaction      Hex/Erth       11%        N/A       38%         4
 Frozen Ramparts          Ice            18%        1d3       41%         3
 Animate Armour           Summ/Erth      44%        N/A       41%         4
 Summon Ice Beast         Ice/Summ       22%        N/A       41%         4
 Ice Form                 Ice/Tmut       9%         N/A       82%         4
 Olgreb's Toxic Radiance  Pois           9%         N/A       82%         4
 Blade Hands              Tmut           4%         N/A       99%         5
 Iron Shot                Conj/Erth      20%        9d5       99%         6


Dungeon Overview and Level Annotations

Branches:
Dungeon (9/15)             Temple (0/1) D:6           Sewer (visited)
   Lair: D:8-11         Orc: D:9-12

Altars:
Ashenzari
Cheibriados
Dithmenos
Fedhas
Gozag
Makhleb
Ru
Trog
Uskayaw
Yredelemnul
Zin

Shops:
D:7 :

Annotations:
D:6 exclusion: oklob sapling
D:7 3 runed translucent doors, rinse's ghost, novice OpTm
D:9 Erolcha


Innate Abilities, Weirdness & Mutations

[You have an uncontrollable temper.]
[Armour fits poorly on your strangely shaped body.]
[You are very dopey. (Int -4)]
[Your magical capacity is very low. (-20% MP)]
[((You are often teleported next to monsters.))]
[You are very weak. (Str -4)]
[You are very vulnerable to cold. (rC--)]
[You sometimes lose the ability to read scrolls when taking damage.]


Message History

The death knight hits you with a +0 battleaxe!
You feel threatened and lose the ability to read scrolls!
The searing ray misses the death knight.
The death knight misses you.
The searing ray hits the death knight.
The death knight is moderately wounded.
The death knight reflects your damage back at you!
The death knight's dark mirror aura disappears.
The death knight barely misses you.
The death knight offers itself to Yredelemnul, and fills with unholy energy.
The searing ray hits the death knight.
The death knight is moderately wounded.
You finish channelling your searing ray.
The death knight completely misses you.
You feel ill. The death knight completely misses you.
Casting: Searing Ray (safe; 1% risk of failure)
Confirm with . or Enter, or press ? or * to list all spells.
Aiming: Searing Ray (safe; 1% risk of failure)
Press: ? - help, Shift-Dir - straight line, f/p - death knight
Aim: a death knight, wielding a +0 battleaxe and wearing a +0 plate armour (moderately wounded, 85% to hit)
You feel a surge of power!
The searing ray hits the death knight.
The death knight is heavily wounded. (Press . to maintain the ray.)
You can read scrolls again.
The ancient zyme misses you. The ancient zyme hits you.
You feel threatened and lose the ability to read scrolls!
The death knight hits you with a +0 battleaxe!
* * * LOW HITPOINT WARNING * * *
The searing ray hits the death knight.
The death knight is heavily wounded.
The death knight closely misses you. The ancient zyme misses you.
The ancient zyme barely misses you.
The searing ray hits the death knight!
The death knight is heavily wounded.
The death knight completely misses you. The ancient zyme barely misses you. x2
Without enough magic to sustain it, your searing ray dissipates.
The ancient zyme closely misses you. x2; The death knight barely misses you.
The death knight hits you with a +0 broad axe!!
You die...
Your body crumbles into a pile of gold.

.# . #.# .. .# #
... . .##. ...
##.#..# . §..
..#. ##.
....#.###.#.....
##..x@p....#
......p...#....§#
............§##.#
.##.####.#.##.# .
.. #..#....# ..
#.##.###.# .
####..# . #..####
## . .## #.
.........


You could see 2 death knights and an ancient zyme.

Vanquished Creatures
  A two-headed ogre (D:8)
  Pikel (D:8)
  12 yaks (D:8)
  Duvessa (D:4)
  A water moccasin (D:8)
  An orc warrior (D:7)
  2 ice beasts
  A sky beast (D:8)
  An ogre (D:7)
  2 lemures (D:8)
  2 phantoms
  Blork the orc (D:4)
  4 bullfrogs
  4 scorpions
  6 wights
  Dowan (D:4)
  5 killer bees (D:6)
  5 hounds
  2 gnoll boudas (D:6)
  A jelly (D:6)
  2 orc priests
  Crazy Yiuf (D:4)
  4 iguanas
  2 orc wizards (D:8)
  7 gnolls
  15 adders
  6 river rats
  2 shadow imps
  3 white imps
  7 dart slugs
  13 orcs
  5 endoplasms
  4 giant cockroaches
  2 hobgoblins (D:2)
  4 jackals (D:1)
  10 kobolds
  5 quokkas
  2 training dummies (D:4)
  8 ball pythons
  11 bats
  11 frilled lizards
  7 goblins
  11 rats
196 creatures vanquished.

Vanquished Creatures (collateral kills)
  A deep elf pyromancer (D:8)
  A bullfrog (D:8)
2 creatures vanquished.

Grand Total: 198 creatures vanquished

Notes
Turn   | Place    | Note
-------+----------+-------------------------------------------
     0 | D:1      | voltaire321 the Deep Elf Conjurer began the quest for the
                  | Orb.
     0 | D:1      | Reached XP level 1. HP: 10/10 MP: 6/6
   152 | D:1      | Reached XP level 2. HP: 16/16 MP: 4/8
   191 | D:1      | Learned a level 2 spell: Searing Ray
   233 | D:1      | Found a faded altar of an unknown god.
  1135 | D:2      | Reached XP level 3. HP: 18/20 MP: 0/9
  1414 | D:2      | Reached skill level 1 in Fighting
  1433 | D:2      | Reached skill level 1 in Armour
  1783 | D:2      | Reached XP level 4. HP: 25/25 MP: 8/11
  2419 | D:3      | Identified the +1 leather armour "Ohylic" {Str+2}
  2518 | D:3      | Found a glowing silver altar of Zin.
  2655 | D:3      | Reached skill level 5 in Conjurations
  2726 | D:3      | Learned a level 3 spell: Dazzling Flash
  2730 | D:3      | Learned a level 3 spell: Call Canine Familiar
  3057 | D:4      | Noticed Blork the orc
  3147 | D:4      | Reached XP level 5. HP: 19/29 MP: 6/13
  3165 | D:4      | Noticed a +0 falchion
  3166 | D:4      | Noticed a +0 spear
  3166 | D:4      | Noticed a +0 dagger
  3166 | D:4      | Noticed a +0 falchion
  3168 | D:4      | Noticed a +0 spear
  3169 | D:4      | Noticed a +0 short sword
  3172 | D:4      | Noticed a +0 dagger
  3172 | D:4      | Noticed a +0 short sword
  3175 | D:4      | Found a hide-covered altar of Uskayaw.
  3243 | D:4      | Reached skill level 1 in Hexes
  3246 | D:4      | Killed Blork the orc
  3247 | D:4      | Reached skill level 1 in Summonings
  3247 | D:4      | Reached XP level 6. HP: 33/35 MP: 9/14
  3609 | D:4      | Found a glowing drain.
  3613 | Sewer    | Entered a sewer
  3768 | Sewer    | Reached XP level 7. HP: 40/40 MP: 14/16
  4113 | Sewer    | Reached skill level 5 in Spellcasting
  4382 | D:4      | Noticed Duvessa
  4382 | D:4      | Noticed Dowan
  4391 | D:4      | Killed Dowan
  4393 | D:4      | Killed Duvessa
  4761 | D:4      | Found a runed translucent door.
  4762 | D:4      | Noticed Crazy Yiuf
  4771 | D:4      | Killed Crazy Yiuf
  4961 | D:5      | Entered Level 5 of the Dungeon
  5251 | D:5      | Identified the +2 scale mail of Otecash {rN++ Will+}
  5269 | D:5      | Reached skill level 5 in Dodging
  5356 | D:5      | Found an opulent altar of Gozag.
  5363 | D:5      | Found an opulent altar of Gozag.
  5364 | D:5      | Found an opulent altar of Gozag.
  5465 | D:5      | Found a bloodstained altar of Trog.
  5473 | D:5      | Found a shadowy altar of Dithmenos.
  5597 | D:5      | Reached XP level 8. HP: 45/45 MP: 10/18
  5692 | D:5      | Found an opulent altar of Gozag.
  5868 | D:5      | Became a worshipper of Gozag Ym Sagoz the Greedy
  6086 | D:5      | Learned a level 4 spell: Iskenderun's Mystic Blast
  6179 | D:6      | Found a staircase to the Ecumenical Temple.
  6400 | D:6      | Reached skill level 1 in Translocations
  6508 | D:6      | Found a snail-covered altar of Cheibriados.
  6856 | D:6      | Found a sacrificial altar of Ru.
  6998 | D:6      | Identified the +5 trident of Diet Blood {spect, rElec rF+++
                  | rCorr Dex-3}
  7515 | D:7      | Reached XP level 9. HP: 51/51 MP: 14/20
  7656 | D:7      | Reached skill level 5 in Hexes
  7875 | D:7      | Found a runed translucent gate.
  7875 | D:7      | Found a runed translucent gate.
  7875 | D:7      | Found a runed translucent gate.
  7875 | D:7      | Noticed rinse's ghost (novice OpTm)
  7916 | D:7      | Identified the +2 leather armour of the Soft God {rElec rN+
                  | Int-5 SInv}
  7992 | D:7      | Found a basalt altar of Yredelemnul.
  8080 | D:7      | Found Maumoaxko's Book Emporium.
  8460 | D:8      | Found a broken altar of Ashenzari.
  8513 | D:8      | Noticed Pikel
  8523 | D:8      | Killed Pikel
  8622 | D:8      | Found a blossoming altar of Fedhas.
  8776 | D:8      | Reached skill level 5 in Summonings
  8776 | D:8      | Reached XP level 10. HP: 49/58 MP: 3/23
  8991 | D:8      | Found a burning altar of Makhleb.
  8997 | D:8      | Noticed a two-headed ogre
  9017 | D:8      | Killed a two-headed ogre
  9347 | D:8      | Identified the +0 leather armour of Qazlal's Approval
                  | {Contam +Inv rElec rC++}
  9347 | D:8      | Noticed a deep elf pyromancer
  9624 | D:8      | Killed a deep elf pyromancer
  9862 | D:9      | Noticed Erolcha
  9879 | Abyss:1  | Cast into level 1 of the Abyss (Erolcha)
  9913 | Abyss:1  | Noticed a wretched star
 10034 | Abyss:1  | Noticed a sun demon
 10092 | Abyss:1  | Noticed a death knight
 10104 | Abyss:1  | Noticed a death knight
 10112 | Abyss:1  | Demolished by a death knight

Illustrated notes

Levels and vault maps discovered:
D:1:      beargit_arrival_greenhouse, layout_basic,
          hellmonk_ecumenical_altar_pennies_from_heaven, nicolae_eternal_life,
          hangedman_decor_lopped, chequers_big_river
D:2:      layout_rooms
D:3:      layout_basic, zin_scriptorium
D:4:      dreamdust_elfheim, layout_loops_ring, nicolae_uskayaw_en_pointe,
          portal_sewer_entry_e, uniq_crazy_yiuf_cottage, uniq_blork_the_orc
D:5:      layout_basic, mainiacjoe_overflow_big_doors,
          nicolae_gozag_conspicuous_consumption
D:6:      minmay_diamond_boxcup, layout_basic,
          mainiacjoe_overflow_cross_hatched, nicolae_ru_the_path_less_chosen,
          minmay_temple_entry_oklob, minmay_fountain_box
D:7:      layout_gridville, mainiacjoe_overflow_tiny_flanked,
          ebering_ghost_rock_garden, serial_shops, nicolae_book_shop_shelving
D:8:      layout_basic, mainiacjoe_overflow_brackets, lemuel_crystal_altar,
          mainiacjoe_overflow_catwalk, uniq_pikel
D:9:      layout_basic, mainiacjoe_overflow_small_starburst, minitemple,
          serial_shops, nicolae_shop_hallway_plus, kennysheep_generic_room_4,
          uniq_erolcha
Abyss:1:  base:
D:6

Skill      XL: |  1  2  3  4  5  6  7  8  9 10 |
---------------+-------------------------------+-----
Dodging        | 3 4 5 6 7 |  7.6
Fighting       | 1 2 3 4 |  4.9
Armour         | 1 2 3 4 |  4.9
Spellcasting   | 4 5 6 7 8 |  8.5
Conjurations   | 5 6 7 8 |  8.0
Hexes          | 1 2 3 4 6 |  6.0
Summonings     | 1 3 5 |  5.8
Translocations | 2 4 |  4.8
Stealth        | |  2.4
Evocations     | |  0.1

Action                     |  1- 3 |  4- 6 |  7- 9 | 10-12 || total
---------------------------+-------+-------+-------+-------++-------
  Melee: Short sword       |     3 |       |       |       ||     3
         Dagger            |       |     1 |       |       ||     1
         Staff             |       |     7 |     2 |     5 ||    14
   Cast: Magic Dart        |    72 |    66 |    55 |     5 ||   198
         Searing Ray       |     2 |    16 |    62 |    20 ||   100
         Iskenderun's Myst |       |       |     4 |     3 ||     7
         Call Canine Famil |       |       |       |     3 ||     3
    Use: Scroll            |       |     3 |     2 |     1 ||     6
         Potion            |       |     1 |       |       ||     1
   Stab: Sleeping          |       |     1 |     1 |       ||     2
 Armour: Robe              |     1 |       |       |       ||     1
         Leather armour    |       |     8 |    12 |    10 ||    30
  Dodge: Dodged            |    10 |    23 |   108 |    41 ||   182

Table legend: (Time is in decaauts)
 A = Elapsed time spent in this place.
 B = Non-inter-level travel time spent in this place.
 C = Inter-level travel time spent in this place.
 D = Time resting spent in this place.
 E = Time spent auto-exploring this place.
 F = Levels seen in this place.
 G = Mean time per level.
                   A        B        C        D        E       F      G
               +--------+--------+--------+--------+--------+-----+--------+
         Total |  10165 |   9764 |    401 |   2048 |   5597 |  11 |  924.1 |
       Dungeon |   9357 |   8956 |    401 |   1875 |   5274 |   9 | 1039.7 |
         Abyss |    242 |    242 |      0 |     68 |      0 |   1 |  242.0 |
         Sewer |    565 |    565 |      0 |    105 |    323 |   1 |  565.0 |
               +--------+--------+--------+--------+--------+-----+--------+

Top non-repeatable levels by time:
     D:8: 1423 daAuts
     D:4: 1330 daAuts
     D:6: 1213 daAuts
     D:5: 1134 daAuts
     D:7: 1118 daAuts
     D:1: 1106 daAuts
     D:3: 1102 daAuts
     D:2: 900 daAuts
   Sewer: 565 daAuts
 Abyss:1: 242 daAuts
     D:9: 25 daAuts
